 Dungeon Crawl Stone Soup version 0.26-a0-667-g92642533e4 (webtiles) character file.

Game seed: 12486133254112777502

194021 dolemite99 the Warrior (level 18, -20/151 HPs)
             Began as a Hill Orc Chaos Knight on Oct 16, 2020.
             Was a Plaything of Xom.
             Killed by the raging water
             ... invoked by a water nymph
              (32 damage)
             ... on level 3 of the Shoals on Oct 17, 2020.
             The game lasted 01:42:10 (46715 turns).

dolemite99 the Warrior (Hill Orc Chaos Knight)     Turns: 46715, Time: 01:42:10

Health: -20/151    AC: 20    Str: 20    XL:     18   Next: 29%
Magic:  7/22       EV: 23    Int: 21    God:    Xom [..*...]
Gold:   640        SH: 15    Dex: 12    Spells: 9/23 levels left

rFire    + + +     SeeInvis +   b - +1 fustibalus
rCold    + + +     Faith    .   z - +2 kite shield {AC+3}
rNeg     + + .     Spirit   .   f - +1 chain mail of Ziocouha {rF+++ rN++ Str-2 Stlth+} (curse)
rPois    +         Reflect  .   c - +0 hat of Exclusion {Dex+2 SInv} (curse)
rElec    +         Harm     .   p - +0 cloak of the Realm of Zot {*Slow rElec Int+4}
rCorr    .         Rampage  .   g - +1 pair of gloves
MR       ++++.                  o - +0 pair of boots
Stlth    ..........             O - amulet of Orav {Acrobat Int+4 Slay+4}
HPRegen  0.35/turn              R - ring of Opeac {rPois rC++ MR+, =R}
MPRegen  0.18/turn              Q - ring "Exzur" {rF+ rC+ MR+}

@: acrobat, very slow
A: hooves 1, deterioration 1, fire resistance 1, frail 1, magic resistance 1
}: 1/15 runes: gossamer
a: Renounce Religion


You were on level 3 of the Shoals.
You worshipped Xom.
You were a toy of Xom.
You visited 5 branches of the dungeon, and saw 30 of its levels.
You also visited: Ice Cave and Volcano.

You collected 3267 gold pieces.
You spent 2627 gold pieces at shops.

Inventory:

Hand Weapons
 a - the +9 morningstar of the Firefly {antimagic, *Corrode rN+ Dex+7}
   (You found it on level 1 of the Lair of Beasts)

   It reduces the magical energy of the wielder, and disrupts the spells and
   magical abilities of those hit.
   Natural abilities and divine invocations are not affected.
   It affects your dexterity (+7).
   It protects you from negative energy.
   It may corrode you when you take damage.
 b - a +1 fustibalus (weapon)
Missiles
 k - 127 sling bullets (quivered)
 m - 6 throwing nets
 M - 8 silver boomerangs
Armour
 c - the cursed +0 hat of Exclusion (worn) {Dex+2 SInv}
   (You bought it in a shop on level 13 of the Dungeon)

   It affects your dexterity (+2).
   It lets you see invisible.
   It has a curse placed upon it.
 f - the cursed +1 chain mail of Ziocouha (worn) {rF+++ rN++ Str-2 Stlth+}
   (You bought it in a shop on level 13 of the Dungeon)

   It affects your strength (-2).
   It renders you almost immune to fire.
   It greatly protects you from negative energy.
   It makes you more stealthy.
   It has a curse placed upon it.
 g - a +1 pair of gloves (worn)
 o - a +0 pair of boots (worn)
 p - the +0 cloak of the Realm of Zot (worn) {*Slow rElec Int+4}
   (You found it on level 2 of the Spider Nest)

   It affects your intelligence (+4).
   It insulates you from electricity.
   It may slow you when you take damage.
 q - a +2 cloak
 z - a +2 kite shield of protection (worn)
 Z - a +0 plate armour
Magical Staves
 r - an uncursed staff of poison
Jewellery
 j - an uncursed ring of protection from fire
 n - an uncursed ring of see invisible
 A - a cursed -4 ring of intelligence
 K - an uncursed amulet of faith
 O - the amulet of Orav (around neck) {Acrobat Int+4 Slay+4}
   (You found it on level 7 of the Dungeon)

   [amulet of the acrobat]

   It helps you evade while moving and waiting.
   It affects your intelligence (+4).
   It affects your accuracy and damage with ranged weapons and melee attacks
   (+4).
 P - the ring of Absolutism {rF- rC+ rCorr Dex+6}
   (You found it on level 7 of the Dungeon)

   [ring of resist corrosion]

   It affects your dexterity (+6).
   It makes you vulnerable to fire.
   It protects you from cold.
   It provides partial protection from all sources of acid and corrosion.
 Q - the ring "Exzur" (right hand) {rF+ rC+ MR+}
   (You found it on level 7 of the Dungeon)

   [ring of protection from magic]

   It protects you from fire.
   It protects you from cold.
   It affects your resistance to hostile enchantments.
 R - the ring of Opeac (left hand) {rPois rC++ MR+, =R}
   (You found it on level 7 of the Dungeon)

   [ring of protection from magic]

   It greatly protects you from cold.
   It protects you from poison.
   It affects your resistance to hostile enchantments.
 X - the ring of Midsummer {MR+ EV+4 Int+3 Stlth+}
   (You acquired it on level 6 of the Lair of Beasts)

   [ring of evasion]

   It affects your evasion (+4).
   It affects your intelligence (+3).
   It affects your resistance to hostile enchantments.
   It makes you more stealthy.
Wands
 t - a wand of random effects (23)
 x - a wand of paralysis (12)
 E - a wand of flame (17)
 F - a wand of polymorph (6)
 J - a wand of digging (6)
 N - a wand of iceblast (14)
 T - a wand of disintegration (3)
Scrolls
 h - a scroll of fog
 v - 20 scrolls of remove curse {@r2}
 w - 17 scrolls of teleportation
 y - a scroll of immolation
 H - a scroll of holy word
 L - 9 scrolls of identify {@r1}
 W - 3 scrolls of magic mapping
Potions
 d - 2 potions of magic
 e - 9 potions of curing
 l - 7 potions of flight
 s - 6 potions of brilliance
 u - 2 potions of resistance
 B - a potion of might
 C - a potion of invisibility
 D - 7 potions of stabbing
 S - 3 potions of heal wounds
 U - 4 potions of ambrosia
 Y - 4 potions of berserk rage
Miscellaneous
 i - a phial of floods (inert)
 G - a condenser vane (inert)
 I - a phantom mirror
 V - a box of beasts (inert)


   Skills:
 + Level 16.9 Fighting
   Level 10.2(14.4) Axes
 - Level 14.1(14.9) Maces & Flails
 - Level 9.6(11.3) Slings
 - Level 10.0(11.5) Throwing
 - Level 9.5 Armour
 - Level 0.7 Dodging
 - Level 14.4 Shields
 - Level 3.0 Spellcasting
 - Level 6.0 Necromancy
 - Level 11.3 Evocations


You had 9 spell levels left.
You knew the following spells:

 Your Spells              Type           Power        Failure   Level
a - Animate Skeleton      Necr           ####..       9%          1
b - Poisonous Vapours     Pois/Air       #.....       83%         2
c - Mephitic Cloud        Conj/Pois/Air  #.......     97%         3
d - Vampiric Draining     Necr           ####......   26%         3
e - Call Imp              Summ           #.......     83%         2
f - Inner Flame           Hex/Fire       #.......     97%         3

Your spell library contained the following spells:

 Spells                   Type           Power        Failure   Level
 Pain                     Necr           ####         9%          1
 Animate Dead             Necr           ####......   65%         4
 Corona                   Hex            #......      71%         1
 Foxfire                  Conj/Fire      #...         71%         1
 Shock                    Conj/Air       #...         71%         1
 Sting                    Tmut/Pois      #...         71%         1
 Summon Small Mammal      Summ           #...         71%         1
 Ensorcelled Hibernation  Hex/Ice        #.....       83%         2
 Swiftness                Air            #.......     83%         2
 Agony                    Necr           ####....     94%         5
 Call Canine Familiar     Summ           #.......     97%         3
 Confusing Touch          Hex            #.......     97%         3
 Conjure Flame            Conj/Fire      #.......     97%         3
 Dazzling Flash           Conj/Hex       #.....       97%         3
 Gell's Gravitas          Tloc           #.........   97%         3
 Ignite Poison            Fire/Tmut/Pois #.......     97%         3
 Static Discharge         Conj/Air       #.......     97%         3
 Summon Guardian Golem    Hex/Summ       #.......     97%         3
 Tukima's Dance           Hex            #.......     97%         3
 Airstrike                Air            #.........   100%        4
 Ice Form                 Ice/Tmut       #.......     100%        4
 Olgreb's Toxic Radiance  Pois           #.......     100%        4
 Petrify                  Tmut/Erth      #.......     100%        4
 Sticky Flame             Conj/Fire      #.......     100%        4
 Summon Ice Beast         Ice/Summ       #.......     100%        4
 Summon Lightning Spire   Summ/Air       #.......     100%        4
 Alistair's Intoxication  Tmut/Pois      #........    100%        5
 Borgnjor's Vile Clutch   Necr/Erth      ###.......   100%        5
 Fireball                 Conj/Fire      #.........   100%        5
 Lightning Bolt           Conj/Air       #.........   100%        5
 Metabolic Englaciation   Hex/Ice        #.........   100%        5
 Yara's Violent Unravell  Hex/Tmut       #.........   100%        5
 Death Channel            Necr           ####......   100%        6
 Freezing Cloud           Conj/Ice/Air   #.........   100%        6
 Ozocubu's Refrigeration  Ice            #.........   100%        6
 Simulacrum               Ice/Necr       ###.......   100%        6
 Starburst                Conj/Fire      #.........   100%        6
 Haunt                    Necr/Summ      ###.......   100%        7
 Borgnjor's Revivificati  Necr           ####......   100%        8
 Ignition                 Fire           #.........   100%        8
 Infestation              Necr           ####......   100%        8
 Necromutation            Tmut/Necr      ###.......   100%        8
 Death's Door             Necr           ####......   100%        9
 Shatter                  Erth           #.........   100%        9
 Tornado                  Air            #.........   100%        9


Dungeon Overview and Level Annotations

Branches:
Dungeon (15/15)            Temple (0/1) D:6            Lair (6/6) D:9
 Shoals (3/4) Lair:3       Spider (4/4) Lair:3        Slime (0/5) Lair:5
    Orc (2/2) D:10            Elf (0/3) Orc:2        Vaults (0/5) D:13
 Depths (0/5) D:15          IceCv (visited)         Volcano (visited)

Altars:
Dithmenos
Hepliaklqana
Kikubaaqudgha
Nemelex Xobeh
Okawaru
Qazlal
Trog
Uskayaw
Xom
Yredelemnul
Zin
The Shining One
Beogh

Shops:
D:4 *[}*   D:7 (   D:13 [   D:14 [   Orc:2 *(*!   Shoals:2 (

Annotations:
Lair:6 exclusion: 3 oklob plants
Spider:1 Roxanne
Orc:2 2 transporters, jasper's ghost, journeyman VSFi


Innate Abilities, Weirdness & Mutations

You have large cloven feet.
Your body sometimes deteriorates upon taking damage.
Your flesh is heat resistant. (rF+)
You are frail. (-10% HP)
You are resistant to hostile enchantments. (MR+)


Message History

The water swirls and strikes you!!!
* * * LOW HITPOINT WARNING * * *
You block the ettin's attack. x2
Your unstable footing causes you to fumble your attack.
Your rat bites the ettin but does no damage.
You puncture the ettin!
You kill the ettin!
The sea snake returns to its original shape as it dies.
Your rat barely misses the water nymph.
You feel magic returning to you.
b - a +1 fustibalus (weapon)
Your rat bites the water nymph.
The water nymph casts a spell at you. The water swirls and strikes you.
Your rat closely misses the water nymph.
Your rat bites the water nymph.
The water nymph points at you and mumbles some strange words.
The water swirls and strikes you!!
You die...
Xom guffaws!

≈≈≈≈≈≈≈≈......# #..≈≈≈≈≈...P≈
≈≈≈≈≈≈≈≈(...<.###..≈P≈≈≈≈..#.
≈≈≈≈..≈≈≈##.P.....P.≈P≈≈≈P...
≈≈≈≈...≈(##.P......P≈≈≈≈...≈≈
≈≈≈.........≈.≈≈..≈≈≈≈≈≈.PPP.
≈≈≈≈≈.##...P≈≈P≈P.≈≈≈≈....≈≈≈
≈≈≈≈≈.#....≈≈P≈PP≈≈≈≈≈.##≈≈≈≈
≈≈≈≈≈....≈≈≈≈≈P≈≈≈≈≈P..# ...
≈≈≈≈≈≈≈)P≈≈@≈≈≈≈≈P≈≈P≈≈ ..
≈≈≈≈≈≈≈≈≈≈P≈≈≈≈≈≈≈PP≈≈.. .
≈≈≈≈≈≈≈≈≈≈PmP≈≈≈≈≈P≈≈....
≈≈≈≈≈≈≈≈≈≈r(≈≈≈≈≈≈≈≈>.≈≈≈
≈≈≈≈≈≈≈≈≈≈(((≈≈≈≈≈≈≈≈≈
≈≈≈≈≈≈≈≈≈.((≈≈≈≈≈≈≈≈≈
≈≈≈≈≈≈≈≈≈<≈((≈≈≈≈≈≈≈
≈≈≈≈≈≈.....(≈((≈≈≈≈≈
≈≈≈≈..##.≈≈≈((≈≈≈≈≈


You could see a water nymph and a friendly rat (summoned).

Vanquished Creatures
  2 emperor scorpions
  3 ghost moths (Spider:4)
  2 entropy weavers
  5 dire elephants (Lair:6)
  Azrael (Spider:1)
  2 spark wasps
  An ettin (Shoals:3)
  A merfolk impaler (Shoals:2)
  4 vault guards (D:13)
  10 hydras
  5 boulder beetles
  5 centaur warriors
  3 ogre magi
  A catoblepas (Lair:6)
  A satyr (Shoals:3)
  An anaconda (Lair:6)
  3 merfolk avatars
  3 merfolk aquamancers
  A tengu warrior (D:15)
  5 death yaks
  13 two-headed ogres
  An orc high priest (Orc:1)
  A skeletal warrior (D:14)
  2 deep trolls (Orc:2)
  5 sea snakes
  4 unseen horrors
  Pikel (D:8)
  4 wizards
  A deep elf mage (D:13)
  17 orb spiders
  An orb spider (shapeshifter) (D:15)
  4 orc sorcerers
  12 ugly things
  A harpy (Spider:4)
  15 wolf spiders
  10 fauns
  2 ice statues (IceCv)
  A moth of wrath (Spider:4)
  4 salamanders
  6 manticores
  3 centaur zombies
  5 cyclopes
  22 elephants
  A merfolk siren (Shoals:2)
  2 torpor snails
  2 black mambas
  15 cane toads
  4 gargoyles
  2 rime drakes
  3 efreet
  A kobold demonologist (D:15)
  8 demonic crawlers
  12 komodo dragons
  A freezing wraith (D:14)
  A tengu conjurer (D:15)
  17 merfolk
  16 trolls
  3 polar bears
  22 jumping spiders
  9 hornets
  3 wind drakes
  Prince Ribbit (D:5)
  5 slime creatures
  A blink frog (shapeshifter) (D:10)
  12 blink frogs
  6 dream sheep
  Grinder (D:5)
  8 snapping turtles
  2 wyverns
  56 redbacks
  9 water elementals
  2 shadows
  5 wraiths
  40 yaks
  31 tarantellas
  Eustachio (D:4)
  4 basilisks
  Menkaure (D:4)
  A soldier ant (D:14)
  2 wargs (Orc:1)
  25 water moccasins
  4 hell hounds
  10 ice beasts
  3 black bears
  3 phantoms
  20 orc warriors
  4 eyes of draining
  5 sky beasts
  28 ogres
  A necrophage (D:11)
  15 wolves
  24 centaurs
  8 big kobolds
  18 bullfrogs
  A wyvern zombie (D:14)
  3 scorpions
  2 wyvern skeletons
  2 water moccasin skeletons
  8 killer bees (D:10)
  A howler monkey (D:6)
  18 wights
  2 electric eels
  2 quasits
  11 jellies
  5 hounds
  Crazy Yiuf (D:2)
  A bullfrog skeleton (D:13)
  16 orc priests
  4 centaur skeletons
  27 orc wizards
  9 iguanas
  4 hell rats (Lair:5)
  10 worker ants
  A killer bee zombie (D:6)
  A hound skeleton (D:6)
  Robin (D:1)
  A worker ant zombie (D:6)
  2 howler monkey skeletons
  9 adders
  4 shadow imps
  15 white imps
  3 ufetubi
  2 oozes
  2 adder skeletons
  4 worms
  4 dart slugs
  8 leopard geckos
  80 orcs
  A ball python (D:5)
  6 giant cockroaches
  14 hobgoblins
  18 jackals
  5 quokkas
  6 bats
  9 frilled lizards
  10 goblins
  21 kobolds
  3 leopard gecko skeletons
  9 rats
  A butterfly (Lair:6)
1039 creatures vanquished.

Vanquished Creatures (collateral kills)
  A spark wasp (Spider:4)
  An ogre mage (Orc:2)
  3 two-headed ogres
  A death knight (D:14)
  An ugly thing (IceCv)
  3 wolf spiders
  3 fauns
  A manticore (D:12)
  A merfolk siren (Shoals:2)
  A centaur skeleton (D:15)
  A komodo dragon (Lair:2)
  11 jumping spiders
  2 merfolk (Shoals:2)
  3 meliai (D:14)
  A hornet (Spider:4)
  A slime creature (D:12)
  3 tarantellas
  16 redbacks
  A yak (Lair:3)
  2 fire elementals (Spider:1)
  A hell hound (Spider:1)
  An ice beast (D:6)
  A sky beast (D:14)
  2 orc warriors (D:11)
  3 ogres (Orc:2)
  11 centaurs
  A scorpion (D:14)
  An orc priest (Orc:1)
  A hound (D:11)
  A worker ant (D:6)
  2 orcs (D:11)
82 creatures vanquished.

Vanquished Creatures (others)
  A wolf spider (Spider:1)
  A jumping spider (Spider:1)
  2 redbacks (Spider:3)
  A vampire (D:15)
  A bullfrog (D:9)
  An orc wizard (Orc:2)
  An orc (D:3)
  44 fungi
  108 plants
  4 tentacles (Shoals:3)
164 creatures vanquished.

Grand Total: 1285 creatures vanquished

Notes
Turn   | Place    | Note
-------+----------+-------------------------------------------
     0 | D:1      | dolemite99 the Hill Orc Chaos Knight began the quest for
                  | the Orb.
     0 | D:1      | Reached XP level 1. HP: 19/19 MP: 1/1
   102 | D:1      | Reached XP level 2. HP: 23/26 MP: 2/2
   183 | D:1      | XOM: silly message
   321 | D:1      | Reached skill level 5 in Axes
   459 | D:1      | XOM: silly message
   612 | D:1      | Found a shimmering altar of Xom.
   819 | D:1      | Reached XP level 3. HP: 30/31 MP: 3/3
   886 | D:1      | XOM: silly message
  1123 | D:2      | Noticed Robin
  1139 | D:1      | Killed Robin
  1733 | D:2      | Reached XP level 4. HP: 24/39 MP: 4/4
  2212 | D:2      | Found a runed translucent door.
  2213 | D:2      | Noticed Crazy Yiuf
  2329 | D:2      | Killed Crazy Yiuf
  2498 | D:2      | XOM: god gift: 12 bolts
  2619 | D:2      | Reached XP level 5. HP: 32/45 MP: 5/5
  2865 | D:2      | XOM: polymorph rat -> dart slug
  3599 | D:3      | XOM: silly message
  3734 | D:3      | Found a basalt altar of Yredelemnul.
  3873 | D:3      | XOM: noise
  4126 | D:3      | Found a hazy altar of Hepliaklqana.
  4305 | D:3      | Noticed a glowing shapeshifter
  4305 | D:3      | a rat changed into a glowing shapeshifter
  4305 | D:3      | XOM: polymorph rat -> glowing shapeshifter
  4305 | D:3      | Noticed a swamp dragon
  4305 | D:3      | a glowing shapeshifter changed into a swamp dragon
  4309 | D:3      | Noticed a moth of wrath
  4309 | D:3      | a swamp dragon changed into a moth of wrath
  4313 | D:3      | Noticed a snapping turtle
  4313 | D:3      | a moth of wrath changed into a snapping turtle
  4318 | D:3      | Banished a snapping turtle
  4318 | D:3      | Reached XP level 6. HP: 50/51 MP: 6/6
  4897 | D:4      | Found Jedwoasmi's General Store.
  4902 | D:4      | XOM: cast spell 'Summon Ice Beast'
  4918 | D:4      | Reached skill level 4 in Fighting
  5011 | D:4      | Found Haidoo's Antique Armour Emporium.
  5017 | D:4      | Bought a glowing kite shield for 142 gold pieces
  5033 | D:4      | Found Zuletiack's Assorted Antiques.
  5066 | D:4      | Found Baovotar's Gadget Boutique.
  5066 | D:4      | XOM: scenery: 1 doors close
  5212 | D:4      | Found a stormy altar of Qazlal.
  5212 | D:4      | Found an iron altar of Okawaru.
  5217 | D:4      | Noticed Eustachio
  5219 | D:4      | XOM: confuse monster(s)
  5223 | D:4      | XOM: divination: detect items
  5226 | D:4      | XOM: confuse monster(s)
  5234 | D:4      | Killed Eustachio
  5234 | D:4      | Reached skill level 5 in Fighting
  5234 | D:4      | Reached XP level 7. HP: 56/61 MP: 7/7
  5468 | D:4      | XOM: noise
  5696 | D:4      | XOM: silly message
  5748 | D:4      | Noticed Menkaure
  5748 | D:4      | XOM: cast spell 'Death Channel'
  5757 | D:4      | Killed Menkaure
  5757 | D:4      | Reached skill level 6 in Fighting
  5962 | D:5      | Entered Level 5 of the Dungeon
  6047 | D:5      | Found a sparkling altar of Nemelex Xobeh.
  6065 | D:5      | Found a hide-covered altar of Uskayaw.
  6067 | D:5      | XOM: cast spell 'Summon Hydra'
  6167 | D:5      | Reached XP level 8. HP: 71/71 MP: 8/8
  6195 | D:5      | XOM: cast spell 'Disjunction'
  6235 | D:5      | Reached skill level 5 in Shields
  6789 | D:5      | XOM: 4-stop teleportation journey
  6796 | D:5      | XOM: cast spell 'Alistair's Intoxication'
  6798 | D:5      | XOM: swap monsters
  6838 | D:5      | Noticed Prince Ribbit
  6843 | D:5      | XOM: blink monster(s)
  6847 | D:5      | XOM: enchant monster (bad)
  6848 | D:5      | XOM: divination: detect items
  6857 | D:5      | XOM: blink monster(s)
  6870 | D:5      | XOM: summons 3 friendly demons
  6892 | D:5      | XOM: confusion
  6895 | D:5      | HP: 4/106 [Prince Ribbit (5)]
  6900 | D:5      | Killed Prince Ribbit
  6921 | D:5      | XOM: 4-stop teleportation journey
  7389 | D:5      | XOM: 6-stop teleportation journey
  7450 | D:5      | XOM: summons friendly iron imp
  7611 | D:5      | XOM: divination: magic mapping
  7711 | D:5      | Noticed Grinder
  7711 | D:5      | Paralysed by Grinder for 7 turns
  7713 | D:5      | XOM: fake destruction
  7723 | D:5      | Killed Grinder
  7731 | D:5      | Reached XP level 9. HP: 78/78 MP: 9/9
  7825 | D:5      | Reached skill level 7 in Fighting
  7883 | D:5      | XOM: scenery: summon butterflies
  8003 | D:5      | XOM: god gift: wand of polymorph (6)
  8272 | D:5      | XOM: divination: magic mapping
  8576 | D:6      | XOM: silly message
  8770 | D:6      | XOM: 3-stop teleportation journey
  8835 | D:6      | Reached skill level 8 in Fighting
  8905 | D:6      | XOM: noise
  8914 | D:6      | XOM: 2-stop teleportation journey
  9121 | D:6      | XOM: cast spell 'Summon Mana Viper'
  9229 | D:6      | XOM: silly message
  9255 | D:6      | XOM: cast spell 'Necromutation'
  9296 | D:6      | Reached skill level 9 in Fighting
  9369 | D:6      | Found a staircase to the Ecumenical Temple.
  9561 | D:7      | Found Qeufip's Weapon Shop.
  9562 | D:7      | XOM: confuse monster(s)
  9675 | D:7      | XOM: cleaving
  9711 | D:7      | Found a glowing golden altar of the Shining One.
  9718 | D:7      | XOM: god gift: dented bone amulet {god gift}
  9778 | D:7      | Reached skill level 10 in Fighting
  9879 | D:7      | XOM: cloud trail
  9904 | D:7      | XOM: god gift: wand of iceblast (5)
 10175 | D:7      | XOM: enchant monster (bad)
 10202 | D:7      | XOM: 2-stop teleportation journey
 10304 | D:7      | XOM: scenery: create altars
 10420 | D:7      | Reached XP level 10. HP: 79/94 MP: 10/10
 10423 | D:7      | Reached skill level 5 in Armour
 10630 | D:7      | Killed an unseen horror
 10666 | D:7      | XOM: scenery: create altars
 10687 | D:7      | XOM: divination: magic mapping
 10727 | D:7      | XOM is BORED!
 10820 | D:7      | Got a coiled bronze amulet
 10822 | D:7      | XOM: draining
 10825 | D:7      | Got a transparent amber ring
 10828 | D:7      | Identified the ring of Absolutism {rF- rC+ rCorr Dex+6}
                  | (You found it on level 7 of the Dungeon)
 10841 | D:7      | Identified the amulet of Orav {Acrobat Int+4 Slay+4} (You
                  | found it on level 7 of the Dungeon)
 10849 | D:7      | Got a clouded platinum ring
 10858 | D:7      | Got a slimy lead ring
 10860 | D:7      | Identified the ring of Opeac {rPois rC++ MR+} (You found it
                  | on level 7 of the Dungeon)
 11126 | D:8      | Noticed Pikel
 11131 | D:8      | XOM: summons friendly quasit
 11165 | D:8      | Killed Pikel
 11711 | D:4      | Bought a box of beasts (3/3) for 200 gold pieces
 11834 | D:6      | XOM: give mutation
 11834 | D:6      | Gained mutation: You are clumsy. (Dex -2) [Xom's mischief]
 11885 | D:9      | Noticed a two-headed ogre
 11890 | D:9      | Killed a two-headed ogre
 11947 | D:9      | XOM: silly message
 12061 | D:9      | XOM: confusion
 12063 | D:9      | XOM: blink monster(s)
 12095 | D:9      | Identified the ring "Exzur" {rF+ rC+ MR+} (You found it on
                  | level 7 of the Dungeon)
 12160 | D:9      | Found a staircase to the Lair.
 12592 | D:9      | Reached skill level 5 in Evocations
 12592 | D:9      | Reached XP level 11. HP: 101/101 MP: 11/11
 12604 | D:9      | Found a shimmering altar of Xom.
 12604 | D:9      | Noticed an angel
 12608 | D:9      | Found a glowing silver altar of Zin.
 12672 | D:9      | Found an ancient bone altar of Kikubaaqudgha.
 12840 | D:9      | XOM: stat loss: -1 Dex (7/8)
 13045 | D:9      | XOM: summons 1 hostile shadow creature
 13049 | D:9      | XOM: summons 1 hostile demon
 13213 | D:10     | Entered Level 10 of the Dungeon
 13232 | D:10     | XOM: summons 1 hostile shadow creature
 13358 | D:10     | XOM: 1-stop teleportation journey
 13432 | D:10     | Reached skill level 1 in Throwing
 13488 | D:10     | Found a staircase to the Orcish Mines.
 13690 | D:10     | XOM: blink monster(s)
 13944 | D:10     | XOM: polymorph hornet -> shapeshifter
 13946 | D:10     | Killed an unseen horror
 13946 | D:10     | Reached skill level 5 in Throwing
 14318 | D:10     | XOM: silly message
 14824 | D:11     | XOM: divination: detect creatures
 14831 | D:11     | Noticed a boulder beetle
 14835 | D:11     | Noticed a boulder beetle
 14863 | D:11     | XOM: 6-stop teleportation journey
 14872 | D:11     | Killed a boulder beetle
 14967 | D:11     | XOM: divination: detect items
 14981 | D:11     | XOM: divination: detect items
 14993 | D:11     | Killed a boulder beetle
 14993 | D:11     | Reached XP level 12. HP: 97/108 MP: 12/12
 15028 | D:11     | XOM: summons 8 friendly demons
 15031 | D:11     | Found a shimmering altar of Xom.
 15086 | D:11     | XOM: 6-stop teleportation journey
 15220 | D:11     | XOM: confuse monster(s)
 15274 | D:11     | XOM: god gift: faintly humming buckler {god gift}
 15429 | D:11     | XOM: give mutations
 15429 | D:11     | Gained mutation: You have large cloven feet. [Xom's grace]
 15429 | D:11     | Gained mutation: You have hoof-like feet. [Xom's grace]
 15429 | D:11     | Lost mutation: You are clumsy. (Dex -2) [Xom's grace]
 15429 | D:11     | Gained mutation: Your muscles are strong. (Str +2) [Xom's
                  | grace]
 15453 | D:11     | Got a faintly humming buckler {god gift}
 15465 | D:11     | Identified the +3 buckler of the Sun {Dex+4} (Xom gifted it
                  | to you on level 11 of the Dungeon)
 15693 | Lair:1   | Entered Level 1 of the Lair of Beasts
 15849 | Lair:1   | XOM: potion effect (stabbing)
 15850 | Lair:1   | Reached skill level 10 in Throwing
 15970 | Lair:1   | Noticed a four-headed hydra
 15981 | Lair:1   | Killed a four-headed hydra
 16035 | Lair:1   | Reached skill level 10 in Axes
 16170 | Lair:1   | Got a scorched morningstar
 16171 | Lair:1   | Identified the +9 morningstar of the Firefly {antimagic,
                  | *Corrode rN+ Dex+7} (You found it on level 1 of the Lair of
                  | Beasts)
 16638 | Lair:2   | XOM: 3-stop teleportation journey
 16643 | Lair:2   | Reached skill level 1 in Maces & Flails
 16665 | Lair:2   | XOM: silly message
 16797 | Lair:2   | XOM: cast spell 'Call Canine Familiar'
 16909 | Lair:2   | XOM: summons friendly ufetubus
 16921 | Lair:2   | XOM: confuse monster(s)
 17347 | Lair:2   | Noticed a four-headed hydra
 17354 | Lair:2   | Killed a four-headed hydra
 17354 | Lair:2   | Reached skill level 5 in Maces & Flails
 17444 | Lair:2   | XOM: cast spell 'Olgreb's Toxic Radiance'
 17447 | Lair:2   | XOM: silly message
 17902 | Lair:3   | Noticed a death yak
 17902 | Lair:3   | Noticed a death yak
 17902 | Lair:3   | Noticed a death yak
 17904 | Lair:3   | Noticed a death yak
 17905 | Lair:3   | Noticed a death yak
 17907 | Lair:3   | Killed a death yak
 17907 | Lair:3   | Reached XP level 13. HP: 115/115 MP: 4/13
 18481 | Lair:3   | XOM: blink monster(s)
 18736 | Lair:3   | XOM: confuse monster(s)
 18737 | Lair:3   | XOM: enchant monster (good)
 18738 | Lair:3   | Reached skill level 10 in Maces & Flails
 18962 | Lair:3   | Found a staircase to the Shoals.
 18980 | Lair:3   | XOM: god gift: slimy hat {god gift}
 18983 | Lair:3   | Got a slimy hat {god gift}
 18994 | Lair:3   | Identified the +0 hat of the Garden {Str+3} (Xom gifted it
                  | to you on level 3 of the Lair of Beasts)
 19153 | Lair:3   | Found a hole to the Spider Nest.
 19242 | Lair:3   | XOM: enchant monster (good)
 19284 | Lair:3   | XOM: cloud trail
 19633 | Lair:4   | XOM: potion effect (stabbing)
 19759 | Lair:4   | XOM: scenery: create altars
 20033 | Lair:4   | XOM: god gift: scroll labeled HYTZEPN VUFRE {god gift}
 20048 | Lair:4   | XOM: scenery: 1 doors open
 20110 | Lair:4   | XOM: give mutations
 20110 | Lair:4   | Gained mutation: Your spells are a little harder to cast,
                  | but a little more powerful. [Xom's grace]
 20110 | Lair:4   | Gained mutation: Your mind is acute. (Int +2) [Xom's grace]
 20110 | Lair:4   | Gained mutation: You possess an exceptional clarity of
                  | mind. [Xom's grace]
 20110 | Lair:4   | Gained mutation: You have supernaturally acute eyesight.
                  | (SInv) [Xom's grace]
 20617 | Lair:5   | XOM: fog
 20708 | Lair:5   | XOM: god gift: 20 gold pieces
 20754 | Lair:5   | Reached XP level 14. HP: 122/122 MP: 4/14
 20844 | Lair:5   | Found a staircase to the Slime Pits.
 21148 | Lair:5   | XOM: confuse monster(s)
 21185 | Lair:5   | Reached skill level 11 in Fighting
 21213 | Lair:5   | XOM: 2-stop teleportation journey
 21664 | Lair:5   | Identified Sif Muna's Almanac of Flamy Poisoning
 21735 | Lair:6   | Entered Level 6 of the Lair of Beasts
 21745 | Lair:6   | XOM: potion effect (berserk rage)
 21762 | Lair:6   | XOM: noise
 21770 | Lair:6   | XOM: give mutations
 21770 | Lair:6   | Gained mutation: You have hooves in place of feet. [Xom's
                  | grace]
 21770 | Lair:6   | Gained mutation: Your flesh is heat resistant. (rF+) [Xom's
                  | grace]
 21770 | Lair:6   | Gained mutation: Your system is resistant to poisons.
                  | (rPois) [Xom's grace]
 21809 | Lair:6   | Found a dark tunnel.
 21817 | Volcano  | Entered a volcano
 21860 | Volcano  | XOM: polymorph hell hound -> efreet
 21894 | Volcano  | XOM: 2-stop teleportation journey
 21917 | Volcano  | Reached skill level 10 in Shields
 22197 | Volcano  | XOM: give mutations
 22197 | Volcano  | Gained mutation: You are frail. (-10% HP) [Xom's mischief]
 22197 | Volcano  | Lost mutation: You are frail. (-10% HP) [Xom's mischief]
 22274 | Lair:6   | XOM: torment (70/124 hp)
 22722 | Lair:6   | XOM: swap monsters
 23179 | Lair:6   | Identified a scroll of acquirement
 23179 | Lair:6   | Acquired the ring of Midsummer {MR+ EV+4 Int+3 Stlth+}
 23218 | Lair:6   | XOM: potion effect (might)
 23219 | Lair:6   | XOM: destruction
 23226 | Lair:6   | XOM: cast spell 'Chain of Chaos'
 23327 | Lair:6   | XOM: god gift: 58 gold pieces
 23341 | Lair:6   | Noticed a dire elephant
 23341 | Lair:6   | Noticed a dire elephant
 23355 | Lair:6   | Killed a dire elephant
 23359 | Lair:6   | Killed a dire elephant
 23375 | Lair:6   | Got a warped lead amulet
 23386 | Lair:6   | Identified the amulet of the Circus Animal {Inacc *Contam
                  | +Inv rElec MR++} (You found it on level 6 of the Lair of
                  | Beasts)
 23421 | Lair:6   | Noticed a dire elephant
 23437 | Lair:6   | Killed a dire elephant
 23474 | Lair:6   | XOM is BORED!
 23474 | Lair:6   | XOM: torment (33/124 hp)
 23515 | Lair:6   | XOM: summons 2 hostile demons
 23599 | Lair:6   | XOM: god gift: potion of brilliance
 23649 | Lair:6   | XOM: give mutations
 23649 | Lair:6   | Gained mutation: Your muscles are very strong. (Str +4)
                  | [Xom's grace]
 23649 | Lair:6   | Gained mutation: You are partially covered in rugged brown
                  | scales. (AC +1, +3% HP) [Xom's grace]
 23867 | Lair:6   | Noticed a dire elephant
 23872 | Lair:6   | XOM: confuse monster(s)
 23882 | Lair:6   | Killed a dire elephant
 23888 | Lair:6   | Noticed a dire elephant
 23894 | Lair:6   | XOM: scenery: 1 fountains blood, 3 doors close
 23897 | Lair:6   | Killed a dire elephant
 23925 | Lair:4   | XOM is BORED!
 23925 | Lair:4   | XOM: give mutations
 23925 | Lair:4   | Lost mutation: Your spells are a little harder to cast, but
                  | a little more powerful. [Xom's mischief]
 23925 | Lair:4   | Lost mutation: You have hooves in place of feet. [Xom's
                  | mischief]
 23925 | Lair:4   | Lost mutation: Your mind is acute. (Int +2) [Xom's
                  | mischief]
 23925 | Lair:4   | Lost mutation: Your muscles are very strong. (Str +4)
                  | [Xom's mischief]
 24041 | Orc:1    | Entered Level 1 of the Orcish Mines
 24041 | Orc:1    | Found a bloodstained altar of Trog.
 24049 | Orc:1    | XOM: swap monsters
 24064 | Orc:1    | Reached XP level 15. HP: 132/132 MP: 8/15
 24093 | Orc:1    | Found a roughly hewn altar of Beogh.
 24121 | Orc:1    | XOM: enchant monster (good)
 24229 | Orc:2    | Entered Level 2 of the Orcish Mines
 24241 | Orc:2    | XOM: confuse monster(s)
 24542 | Orc:1    | XOM: god gift: 29 gold pieces
 24735 | Orc:2    | Noticed jasper's ghost (journeyman VSFi)
 24755 | Orc:2    | XOM: enchant monster (bad)
 24778 | Orc:2    | XOM: chaos upgrade
 24780 | Orc:2    | XOM: polymorph juvenile stingshock beast -> moth of wrath
 24786 | Orc:2    | XOM: summons 2 friendly demons
 24930 | Orc:1    | XOM: give mutation
 24930 | Orc:1    | Lost mutation: You have hoof-like feet. [Xom's mischief]
 24958 | Orc:2    | Found Umnack's Weapon Boutique.
 24958 | Orc:2    | Found Reoruenk's Distillery.
 24958 | Orc:2    | XOM: swap monsters
 24968 | Orc:2    | Found Ablyepit's Assorted Antiques.
 24969 | Orc:2    | Found Toelagim's General Store.
 24988 | Orc:2    | Found a staircase to the Elven Halls.
 25000 | Orc:2    | XOM: chaos upgrade
 25026 | Orc:2    | XOM: 1-stop teleportation journey
 25086 | Orc:2    | XOM: 4-stop teleportation journey
 25220 | Orc:2    | Bought 6 poisoned darts for 28 gold pieces
 25225 | Orc:2    | Bought a potion of heal wounds for 70 gold pieces
 25225 | Orc:2    | Upgraded the game from 0.26-a0-665-gefeb406119 to
                  | 0.26-a0-667-g92642533e4
 25280 | Orc:2    | XOM: noise
 25390 | D:7      | XOM: summons 8 hostile demons
 25759 | Orc:2    | Bought a short copper wand for 128 gold pieces
 25788 | Orc:2    | Reached skill level 12 in Fighting
 25833 | Orc:2    | XOM: give mutation
 25833 | Orc:2    | Lost mutation: You possess an exceptional clarity of mind.
                  | [Xom's mischief]
 25879 | Orc:2    | Found a transporter.
 25898 | Orc:2    | Found a transporter.
 26384 | Orc:2    | Bought 2 potions of berserk rage for 140 gold pieces
 26386 | Orc:2    | Learned a level 1 spell: Animate Skeleton
 26389 | Orc:2    | Learned a level 2 spell: Poisonous Vapours
 26393 | Orc:2    | Learned a level 3 spell: Mephitic Cloud
 26397 | Orc:2    | Learned a level 3 spell: Vampiric Draining
 26400 | Orc:2    | Learned a level 2 spell: Call Imp
 26404 | Orc:2    | Learned a level 3 spell: Inner Flame
 26630 | D:4      | Bought a phantom mirror for 300 gold pieces
 26630 | D:4      | Bought a wand of paralysis (10) for 120 gold pieces
 26649 | D:4      | Bought a phial of floods for 1000 gold pieces
 26713 | D:5      | XOM: summons 1 hostile shadow creature
 27053 | D:6      | XOM: give mutation
 27053 | D:6      | Gained mutation: You have hoof-like feet. [Xom's mischief]
 27147 | D:11     | XOM: divination: detect creatures
 27502 | D:12     | XOM: give mutations
 27502 | D:12     | Lost mutation: You have hoof-like feet. [Xom's mischief]
 27502 | D:12     | Gained mutation: You are dopey. (Int -2) [Xom's mischief]
 27502 | D:12     | Lost mutation: You are partially covered in rugged brown
                  | scales. (AC +1, +3% HP) [Xom's mischief]
 27502 | D:12     | Lost mutation: You have supernaturally acute eyesight.
                  | (SInv) [Xom's mischief]
 27600 | D:12     | XOM: confusion
 27843 | D:13     | XOM: 3-stop teleportation journey
 27902 | D:13     | XOM: summons 4 hostile shadow creatures
 28174 | D:13     | Found a frozen archway.
 28184 | IceCv    | Entered an ice cave
 28217 | IceCv    | Found a transporter.
 28235 | IceCv    | Found a transporter.
 28389 | D:13     | Found a gate to the Vaults.
 28389 | D:13     | XOM: swap monsters
 28622 | D:13     | Found Syorr's Antique Armour Boutique.
 28630 | D:13     | Bought a slimy hat for 243 gold pieces
 28647 | D:13     | Identified the cursed +0 hat of Exclusion {Dex+2 SInv} (You
                  | bought it in a shop on level 13 of the Dungeon)
 28686 | D:13     | Reached skill level 10 in Evocations
 28701 | D:13     | XOM: silly message
 28740 | D:13     | Reached XP level 16. HP: 139/139 MP: 5/16
 28990 | D:13     | XOM: 3-stop teleportation journey
 29110 | D:13     | XOM: summons 2 hostile shadow creatures
 29158 | D:13     | XOM: chaos cloud
 29161 | D:13     | Paralysed by you for 6 turns
 29173 | D:13     | Paralysed by you for 7 turns
 29480 | D:14     | Identified the +8 spear of Greatest Utility {flame, Int+3}
 29551 | D:14     | XOM: stat loss: -1 Dex (18/19)
 29605 | D:14     | XOM: cleaving
 29612 | D:14     | Reached skill level 1 in Necromancy
 29615 | D:14     | XOM: swap monsters
 29620 | D:14     | Found Irud's Armour Shop.
 29620 | D:14     | XOM: 3-stop teleportation journey
 29742 | D:13     | XOM: torment (68/139 hp)
 30513 | D:14     | XOM is BORED!
 30513 | D:14     | XOM: summons 4 hostile shadow creatures
 30539 | D:14     | XOM: noise
 30742 | D:14     | XOM: summons friendly ufetubus
 30777 | D:14     | XOM: noise
 30817 | D:15     | Entered Level 15 of the Dungeon
 30989 | D:15     | XOM: potion effect (heal wounds)
 30990 | D:15     | Reached skill level 5 in Necromancy
 31446 | D:15     | Reached skill level 1 in Spellcasting
 31577 | D:15     | XOM: blink monster(s)
 31723 | D:15     | XOM: 3-stop teleportation journey
 31739 | D:15     | XOM: 1-stop teleportation journey
 31848 | D:15     | Found a shadowy altar of Dithmenos.
 32083 | D:15     | XOM: silly message
 32132 | D:15     | XOM: noise
 32210 | D:15     | XOM: silly message
 32223 | D:15     | Found a staircase to the Depths.
 32727 | D:13     | Bought a fine chain mail for 256 gold pieces
 32738 | D:13     | Identified the cursed +1 chain mail of Ziocouha {rF+++ rN++
                  | Str-2 Stlth+} (You bought it in a shop on level 13 of the
                  | Dungeon)
 32963 | D:15     | XOM: give mutations
 32963 | D:15     | Lost mutation: Your system is resistant to poisons. (rPois)
                  | [Xom's mischief]
 32963 | D:15     | Gained mutation: You are resistant to hostile enchantments.
                  | (MR+) [Xom's mischief]
 32963 | D:15     | Gained mutation: You are frail. (-10% HP) [Xom's mischief]
 32963 | D:15     | Lost mutation: You are dopey. (Int -2) [Xom's mischief]
 33935 | Lair:2   | XOM: divination: detect creatures
 33989 | Spider:1 | Entered Level 1 of the Spider Nest
 33990 | Spider:1 | Noticed Roxanne
 33991 | Spider:1 | Noticed Azrael
 33998 | Spider:1 | XOM: confuse monster(s)
 34020 | Spider:1 | XOM: noise
 34021 | Spider:1 | XOM: silly message
 34021 | Spider:1 | Reached skill level 1 in Slings
 34044 | Spider:1 | XOM: summons 2 friendly demons
 34056 | Spider:1 | Killed Azrael
 34178 | Spider:1 | XOM: 2-stop teleportation journey
 34354 | Spider:1 | XOM: 1-stop teleportation journey
 34400 | Spider:1 | XOM: silly message
 34515 | Spider:1 | XOM: silly message
 34557 | Spider:1 | XOM: chaos cloud
 34560 | Spider:1 | Paralysed by you for 3 turns
 34571 | Spider:1 | XOM: swap monsters
 34582 | Spider:1 | XOM: divine lightning
 34913 | Spider:2 | Reached skill level 5 in Slings
 35108 | Spider:2 | XOM: confusion (+ monsters)
 35201 | Spider:2 | XOM: noise
 35472 | Spider:2 | Got a bloodstained cloak
 35551 | Spider:2 | Reached XP level 17. HP: 133/133 MP: 7/21
 35668 | Spider:2 | Identified the +0 cloak of the Realm of Zot {*Slow rElec
                  | Int+4} (You found it on level 2 of the Spider Nest)
 35849 | Spider:3 | XOM: silly message
 36309 | Spider:3 | XOM: destruction
 36365 | Spider:3 | XOM: enchant monster (bad)
 36383 | Spider:3 | XOM: noise
 36418 | Spider:3 | XOM: noise
 36509 | Spider:3 | XOM: cloud trail
 36645 | Spider:3 | XOM: 9-stop teleportation journey
 36820 | Spider:3 | XOM: potion effect (stabbing)
 37808 | Spider:4 | Entered Level 4 of the Spider Nest
 38251 | Spider:3 | XOM: confuse monster(s)
 38712 | Spider:3 | XOM: summons 9 hostile demons
 39018 | Spider:4 | XOM: 4-stop teleportation journey
 39278 | Spider:4 | XOM: fog
 39812 | Spider:4 | XOM: summons 6 hostile demons
 40122 | Spider:4 | XOM: god gift: wand of paralysis (12)
 40205 | Spider:4 | XOM: fog
 40214 | Spider:4 | Reached skill level 13 in Fighting
 40248 | Spider:4 | XOM: polymorph orb spider -> unseen horror
 40429 | Spider:4 | XOM: silly message
 40731 | Spider:4 | XOM: scenery: create altars
 40764 | Spider:4 | XOM: polymorph jumping spider -> harpy
 40767 | Spider:4 | XOM: cleaving
 40888 | Spider:4 | XOM: confusion
 41296 | Spider:4 | XOM: divination: detect creatures
 41492 | Spider:4 | XOM: cast spell 'Summon Dragon'
 41499 | Spider:4 | Reached skill level 14 in Fighting
 41539 | Spider:4 | XOM: chaos cloud
 41760 | Spider:4 | XOM: potion effect (might)
 41956 | Spider:4 | XOM: polymorph redback -> manticore
 42165 | Spider:4 | Got a gossamer rune of Zot
 42341 | Shoals:1 | Entered Level 1 of the Shoals
 42683 | Shoals:1 | Reached skill level 15 in Fighting
 42701 | Shoals:1 | XOM: god gift: plate armour {god gift}
 43149 | Shoals:1 | XOM: polymorph wind drake -> salamander
 43159 | Shoals:1 | XOM: summons friendly white imp
 43302 | Shoals:1 | XOM: fog
 43479 | Shoals:1 | XOM: confuse monster(s)
 43575 | Shoals:1 | XOM: god gift: Necronomicon
 43739 | Shoals:2 | Found Teoptec's Antique Weapon Shop.
 43740 | Shoals:2 | XOM: snakes to sticks
 43744 | Shoals:2 | Reached XP level 18. HP: 127/146 MP: 22/22
 44312 | Shoals:2 | Reached skill level 16 in Fighting
 44363 | Shoals:2 | XOM: enchant monster (good)
 44375 | Shoals:2 | XOM: cleaving
 44939 | Shoals:2 | XOM: potion effect (haste)
 44957 | Shoals:2 | XOM: scenery: create altars
 45693 | Shoals:2 | XOM: 2-stop teleportation journey
 45989 | Shoals:3 | XOM: confusion
 46096 | Shoals:3 | XOM: summons 4 hostile demons
 46097 | Shoals:3 | XOM: chaos cloud
 46172 | Shoals:2 | XOM is BORED!
 46676 | Shoals:3 | XOM: give mutations
 46676 | Shoals:3 | Gained mutation: Your body sometimes deteriorates upon
                  | taking damage. [Xom's mischief]
 46676 | Shoals:3 | Lost mutation: Your muscles are strong. (Str +2) [Xom's
                  | mischief]
 46699 | Shoals:3 | XOM: polymorph sea snake -> ettin
 46703 | Shoals:3 | XOM: cast spell 'Summon Small Mammal'
 46715 | Shoals:3 | Killed from afar by a water nymph

Illustrated notes

Levels and vault maps discovered:
D:1:      dpeg_arrival_lava_temple_mockup, layout_basic, chequers_big_river,
          xom_teletrap_fun
D:2:      layout_loops_ring, st_stairs_14, uniq_robin, uniq_crazy_yiuf_cottage
D:3:      minmay_inner_zag, layout_basic, marbit_many_paths, old_standard_altar
D:4:      layout_loops_corners, gammafunk_temple_overflow_wave, serial_shops,
          nicolae_shop_behind_doors, nicolae_shop_waterfront, shop,
          kennysheep_mini_moat, minmay_misc_feat_plants, uniq_eustachio,
          uniq_menkaure
D:5:      minmay_octagon_keep, layout_basic, lemuel_coloured_pillars_altar,
          lemuel_crystal_altar, uniq_prince_ribbit1, uniq_grinder
D:6:      layout_basic, temple_pool_b
D:7:      minmay_the_grid_triangle_9x9_recursive_2
          [minmay_the_grid_triangle_9x9_prize_special,
          minmay_the_grid_triangle_9x9_sprig,
          minmay_the_grid_triangle_9x9_negative_grid,
          minmay_the_grid_triangle_9x9_impossible_snake], layout_cave_pools,
          basic_altar, chequers_ossuary_entry_cave, serial_shops, shop
D:8:      layout_rooms, uniq_pikel
D:9:      layout_loops_ring, grunt_temple_overflow_order_and_chaos_1,
          kennysheep_mini, lair_entry_dummy, grunt_ministairs_6, hex_large
D:10:     minmay_imperfect_grid, layout_loops_ring, st_stairs_6
D:11:     layout_cave_pools, basic_altar
D:12:     layout_cave_pools
D:13:     minmay_connected_triangles_in_corner, layout_irregular_city,
          lightli_vaults_fourway_checkpoint, serial_shops, shop,
          portal_ice_cave_entry_imps, hangedman_ranch [blue_anna_fruit_fields]
D:14:     layout_rooms, dk_noncrumbling_3, serial_shops, nicolae_shop_trees
D:15:     grunt_enter_depths_magical_seal, layout_basic, gauntlet_entry_generic,
          nicolae_dithmenos_shadow_blocks, chequers_serial_rivers_micro_a,
          grunt_decor_clamped
Lair:1:   layout_roguey, patterned_corridor
Lair:2:   layout_long_grid, grunt_megastairs_3, infiniplex_staircase_pool
Lair:3:   layout_regular_city, minmay_shoals_entry_centaurs,
          spider_nest_entry_web_field, grunt_megastairs_1
Lair:4:   layout_regular_city, lemuel_fruit_fields, lemuel_fruit_tree
Lair:5:   cheibrodos_lair_river_kwai, layout_concentric_octagons,
          minmay_slime_entry_pillars
Lair:6:   due_jungle_book, layout_gridlike, nicolae_volcano_entry_s_turn,
          chequers_serial_rivers_large_a, grunt_megastairs_4,
          lemuel_fruit_fields, minmay_lair_oklob_chamber
Shoals:1: layout_shoals, shoals_oasis
Shoals:2: layout_shoals, serial_shops, nicolae_shop_overgrown_old_shop,
          abandoned_shop, nicolae_shoals_dead_sea_scrolls
Shoals:3: layout_shoals
Spider:1: layout_spider_delve, uniq_roxanne, uniq_azrael
Spider:2: layout_spider_delve, drop_trap, guppyfry_spider_mini_1
Spider:3: layout_spider_delve
Spider:4: grunt_spider_rune_parallel
Orc:1:    layout_diamond_mine, basic_altar, bloody_trog
Orc:2:    st_orc_open, layout_caves, gammafunk_ghost_stat_death

Skill      XL: |  1  2  3  4  5  6  7  8  9 10 11 12 13 14 15 16 17 18 |
---------------+-------------------------------------------------------+-----
Axes           | 5 6 7 9 10 | 10.2
Fighting       | 5 6 10 11 12 15 16 | 16.9
Shields        | 3 8 13 14 | 14.4
Armour         | 4 8 9 |  9.5
Evocations     | 5 6 10 11 | 11.3
Throwing       | 8 10 | 10.0
Maces & Flails | 7 13 14 | 14.1
Necromancy     | 6 |  6.0
Spellcasting   | 3 |  3.0
Slings         | 6 9 |  9.6
Dodging        | |  0.7

Action                   |  1- 3 |  4- 6 |  7- 9 | 10-12 | 13-15 | 16-18 || total
-------------------------+-------+-------+-------+-------+-------+-------++-------
Melee: Hand axe          |   100 |   181 |   388 |   429 |       |       ||  1098
       Morningstar       |       |       |       |    44 |   500 |   594 ||  1138
       Staff             |       |       |       |       |     5 |       ||     5
       Kick              |       |       |       |       |    80 |       ||    80
       Fustibalus        |       |       |       |       |       |     2 ||     2
 Fire: Fustibalus        |       |       |       |       |       |   633 ||   633
Throw: Stone             |    46 |    90 |    21 |    12 |       |       ||   169
       Dart              |       |       |   101 |   186 |       |   192 ||   479
       Boomerang         |       |       |       |    66 |   626 |   117 ||   809
 Cast: Animate Skeleton  |       |       |       |       |       |     8 ||     8
Evoke: Wand              |       |       |     4 |    29 |    18 |    80 ||   131
       Box of beasts     |       |       |       |     4 |     7 |    16 ||    27
       Condenser vane    |       |       |       |     2 |     7 |    10 ||    19
       Phial of floods   |       |       |       |       |     1 |     6 ||     7
       Phantom mirror    |       |       |       |       |     1 |     3 ||     4
  Use: Scroll            |       |       |    10 |    17 |    15 |    14 ||    56
       Potion            |       |       |     4 |     1 |     4 |    13 ||    22
 Stab: Paralysed         |       |     1 |     7 |       |     2 |    17 ||    27
       Petrified         |       |     4 |       |       |       |       ||     4
       Petrifying        |       |     3 |       |       |       |       ||     3
       Confused          |       |     1 |       |       |     3 |     1 ||     5
       Invisible         |       |       |       |       |       |     3 ||     3
       Distracted        |       |       |       |       |       |     2 ||     2
       Held in net/web   |       |       |       |       |       |     1 ||     1
Armor: Leather armour    |    12 |       |       |       |       |       ||    12
       Ring mail         |    25 |    24 |       |       |       |       ||    49
       Scale mail        |       |    41 |    66 |       |       |       ||   107
       Skin              |       |       |    35 |       |       |       ||    35
       Chain mail        |       |       |    58 |    64 |   121 |   417 ||   660
       Plate armour      |       |       |       |   174 |   102 |       ||   276
Dodge: Dodged            |    58 |    60 |    42 |    98 |   135 |   344 ||   737
Block: Kite shield       |       |     6 |   168 |   284 |   378 |   768 ||  1604
       Buckler           |       |       |       |     2 |       |       ||     2

Table legend: (Time is in decaauts)
 A = Elapsed time spent in this place.
 B = Non-inter-level travel time spent in this place.
 C = Inter-level travel time spent in this place.
 D = Time resting spent in this place.
 E = Time spent auto-exploring this place.
 F = Levels seen in this place.
 G = Mean time per level.
                   A        B        C        D        E       F      G
               +--------+--------+--------+--------+--------+-----+--------+
         Total |  46326 |  41776 |   4550 |  10472 |  22000 |  32 | 1447.7 |
       Dungeon |  22980 |  19773 |   3207 |   4245 |  10856 |  15 | 1532.0 |
          Lair |   8120 |   7258 |    862 |   1498 |   4409 |   6 | 1353.3 |
        Shoals |   4456 |   4336 |    120 |   1340 |   2165 |   3 | 1485.3 |
   Spider Nest |   8172 |   8030 |    142 |   2893 |   3478 |   4 | 2043.0 |
  Orcish Mines |   2042 |   1825 |    217 |    289 |   1005 |   2 | 1021.0 |
      Ice Cave |    157 |    157 |      0 |     54 |      0 |   1 |  157.0 |
       Volcano |    395 |    395 |      0 |    151 |     85 |   1 |  395.0 |
               +--------+--------+--------+--------+--------+-----+--------+

Top non-repeatable levels by time:
Spider:4: 3477 daAuts
     D:5: 3156 daAuts
Spider:3: 2963 daAuts
Shoals:2: 2199 daAuts
    D:13: 2085 daAuts
  Lair:2: 1982 daAuts
Shoals:1: 1949 daAuts
     D:3: 1948 daAuts
  Lair:6: 1757 daAuts
    D:10: 1709 daAuts
    D:15: 1641 daAuts
     D:7: 1582 daAuts
     D:2: 1577 daAuts
     D:1: 1506 daAuts
     D:6: 1487 daAuts
